 Dungeon Crawl Stone Soup version 0.28-a0-664-gc179e30c89 (webtiles) character file.

Game seed: 8427225442799493224

17 kipponium the Skirmisher (level 2, 0/24 HPs)
             Began as a Formicid Abyssal Knight on Oct 16, 2021.
             Was a Follower of Lugonu.
             Slain by a kobold (1 damage)
             ... on level 1 of the Dungeon.
             The game lasted 00:02:02 (245 turns).

kipponium the Skirmisher (Formicid Abyssal Knight)   Turns: 245, Time: 00:02:02

Health: 0/24       AC:  3    Str: 17    XL:     2   Next: 80%
Magic:  3/3        EV: 11    Int:  9    God:    Lugonu [*.....]
Gold:   7          SH:  0    Dex: 11    Spells: 1/1 levels left

rFire   . . .      SeeInvis +   a - +2 spear
rCold   . . .      Faith    .   (no shield)
rNeg    . . .      Spirit   .   b - +0 leather armour
rPois   .          Reflect  .   (helmet unavailable)
rElec   .          Harm     .   (no cloak)
rCorr   .          Rampage  .   (no gloves)
Will    .....                   (no boots)
Stlth   +.........              (no amulet)
HPRegen 0.08/turn               d - ring of flight
MPRegen 0.08/turn               (no ring)

@: flying
A: permanent stasis, dig shafts and tunnels, antennae 3, four strong arms
a: Dig, Shaft Self, Renounce Religion, Depart the Abyss


You were on level 1 of the Dungeon.
You worshipped Lugonu.
Lugonu was aware of your devotion.
You visited 1 branch of the dungeon, and saw 1 of its levels.
You visited the Abyss 1 time.

You collected 7 gold pieces.

Inventory:

Hand Weapons
 a - a +2 spear (weapon)
Armour
 b - a +0 leather armour (worn)
Jewellery
 d - a ring of flight (left hand)


   Skills:
 - Level 3.2 Fighting
 + Level 3.1 Polearms
 - Level 2.1 Armour
 - Level 0.8 Dodging
 - Level 2.1 Invocations


You had one spell level left.
You didn't know any spells.
Your spell library was empty.

Dungeon Overview and Level Annotations

Branches:
Dungeon (1/15)

Altars:


Innate Abilities, Weirdness & Mutations

You cannot be hasted, slowed, berserked, paralysed or teleported.
You can dig through walls and to a lower floor.
You have a pair of large antennae on your head. (SInv)
Your four strong arms can wield two-handed weapons with a shield.


Message History

* * * LOW HITPOINT WARNING * * *
You hit the jackal.
The jackal is almost dead.
The jackal barely misses you. The giant cockroach barely misses you.
You closely miss the jackal.
The jackal is almost dead.
The jackal bites you but does no damage.
The giant cockroach closely misses you. The jackal bites you.
* * * LOW HITPOINT WARNING * * *
You completely miss the jackal.
The jackal is almost dead.
The giant cockroach bites you but does no damage.
The jackal bites you.
* * * LOW HITPOINT WARNING * * *
You hit the jackal.
You kill the jackal!
Lugonu accepts your kill. The giant cockroach closely misses you.
You aren't carrying any potions.
As you read the scroll labelled MOCEW QOEBAC, it crumbles to dust.
You hear a loud clanging noise!
It was a scroll of noise.
You hear a shout! x2
The giant cockroach closely misses you. x2
As you read the scroll labelled HEOTYXTOCLA, it crumbles to dust.
It is a scroll of enchant weapon.
Your +1 spear glows red for a moment.
The giant cockroach closely misses you.
As you read the scroll labelled OKKYIG KUONN, it crumbles to dust.
You feel a strange sense of stasis.
It was a scroll of teleportation.
The giant cockroach misses you.
You hit the giant cockroach but do no damage.
The giant cockroach misses you.
You closely miss the giant cockroach. The giant cockroach bites you.
* * * LOW HITPOINT WARNING * * *
You hit the giant cockroach.
You kill the giant cockroach!
Lugonu accepts your kill.
You closely miss the kobold.
The kobold hits you with a +0 short sword.
You die...

# ##### # .. ######...
.#.. #.#
#......#######.#..
#.#...#.##†............
........K@...........###
#.......##†.######.#...#
#####[.###.†##.......#.#
##...#..##...#.....##.
#_#...........†......
gh#####......#........
### #######...#.#..#
#.#.# # #####.#...


You could see a kobold.

Vanquished Creatures
  2 ball pythons (D:1)
  2 bats (D:1)
  An endoplasm (D:1)
  2 giant cockroaches (D:1)
  A hobgoblin (D:1)
  4 jackals (D:1)
  A frilled lizard (D:1)
  A rat (D:1)
14 creatures vanquished.

Notes
Turn   | Place    | Note
-------+----------+-------------------------------------------
     0 | Abyss:1  | kipponium the Formicid Abyssal Knight began the quest for
                  | the Orb.
     0 | Abyss:1  | Reached XP level 1. HP: 18/18 MP: 2/2
    35 | Abyss:1  | Noticed a will-o-the-wisp
    42 | Abyss:1  | Noticed a rust devil
    70 | Abyss:1  | Noticed an orange demon
    80 | Abyss:1  | Noticed a large abomination
    89 | Abyss:1  | Noticed a thrashing horror
    93 | D:1      | Escaped the Abyss
   175 | D:1      | Reached * piety under Lugonu
   185 | D:1      | Reached XP level 2. HP: 24/24 MP: 3/3
   209 | D:1      | Found a faded altar of an unknown god.
   243 | D:1      | HP: 1/24 [giant cockroach (2)]
   245 | D:1      | Slain by a kobold

Illustrated notes

Levels and vault maps discovered:
D:1:      dpeg_arrival_erosion, layout_basic, ebering_ecumenical_altar_rust

Skill      XL: |  1  2 |
---------------+-------+-----
Polearms       | 3 |  3.1
Fighting       | |  3.2
Armour         | |  2.1
Dodging        | |  0.8
Invocations    | |  2.1

Action                   || total
-------------------------++-------
Melee: Spear             ||    53
Invok: Depart the Abyss  ||     1
  Use: Scroll            ||     3
 Stab: Sleeping          ||     1
Armor: Leather armour    ||    31
Dodge: Dodged            ||    56

Table legend: (Time is in decaauts)
 A = Elapsed time spent in this place.
 B = Non-inter-level travel time spent in this place.
 C = Inter-level travel time spent in this place.
 D = Time resting spent in this place.
 E = Time spent auto-exploring this place.
 F = Levels seen in this place.
 G = Mean time per level.
                   A        B        C        D        E       F      G
               +--------+--------+--------+--------+--------+-----+--------+
         Total |    241 |    241 |      0 |     12 |     69 |   2 |  120.5 |
       Dungeon |    148 |    148 |      0 |     12 |     34 |   1 |  148.0 |
         Abyss |     93 |     93 |      0 |      0 |     35 |   1 |   93.0 |
               +--------+--------+--------+--------+--------+-----+--------+

Top non-repeatable levels by time:
     D:1: 148 daAuts
 Abyss:1: 93 daAuts
